 Dungeon Crawl Stone Soup version 0.27-a0-931-g5a74e75d8f (webtiles) character file.

Game seed: 15044841747792082229

262 polve the Conjurer (level 5, -3/41 HPs)
             Began as a Demonspawn Abyssal Knight on Apr 10, 2021.
             Was a Believer of Lugonu.
             Slain by a centaur (6 damage)
             ... on level 5 of the Dungeon.
             The game lasted 00:04:37 (5210 turns).

polve the Conjurer (Demonspawn Abyssal Knight)      Turns: 5210, Time: 00:04:38

Health: -3/41      AC:  5    Str: 12    XL:     5   Next: 97%
Magic:  7/7        EV: 11    Int: 16    God:    Lugonu [**....]
Gold:   236        SH:  0    Dex: 13    Spells: 0/7 levels left

rFire    + . .     SeeInvis .   a - +1 falchion
rCold    . . .     Faith    .   (no shield)
rNeg     . . .     Spirit   .   b - +0 leather armour
rPois    .         Reflect  .   (no helmet)
rElec    .         Harm     .   g - +0 cloak
rCorr    .         Rampage  .   (no gloves)
Will     .....                  d - +0 pair of boots
Stlth    +.........             (no amulet)
HPRegen  0.13/turn              t - ring of protection from fire
MPRegen  0.10/turn              (no ring)

@: no status effects
A: powered by pain 1, big brain 1
a: Renounce Religion, Depart the Abyss, Bend Space


You were on level 5 of the Dungeon.
You worshipped Lugonu.
Lugonu was pleased with you.
You visited 1 branch of the dungeon, and saw 5 of its levels.
You visited the Abyss 1 time.

You collected 236 gold pieces.

Inventory:

Hand Weapons
 a - a +1 falchion (weapon)
Armour
 b - a +0 leather armour (worn)
 d - a +0 pair of boots (worn)
 g - a +0 cloak (worn)
Jewellery
 t - a ring of protection from fire (left hand)
Scrolls
 c - 2 scrolls of teleportation {unknown}
 f - a scroll of silence {unknown}
 k - 2 scrolls of identify {unknown}
 l - 2 scrolls of blinking {unknown}
 n - a scroll of enchant armour {unknown}
 o - a scroll of amnesia {unknown}
 p - a scroll of brand weapon {unknown}
 q - 2 scrolls of fog {unknown}
 s - a scroll of immolation {unknown}
Potions
 e - 2 potions of magic {unknown}
 h - a potion of cancellation {unknown}
 i - a potion of flight {unknown}
 j - a potion of brilliance {unknown}
 m - 5 potions of curing {unknown}
 r - a potion of invisibility {unknown}


   Skills:
 - Level 3.0 Fighting
 - Level 1.7 Long Blades
 - Level 1.7 Armour
 - Level 0.8 Dodging
 - Level 1.6 Spellcasting
 + Level 5.4 Conjurations
 - Level 2.4 Invocations


You couldn't memorise any spells.
You knew the following spells:

 Your Spells              Type           Power      Damage    Failure   Level
a - Magic Dart            Conj           72%        1d6       3%          1
b - Mephitic Cloud        Conj/Pois/Air  7%         N/A       36%         3
c - Conjure Flame         Conj/Fire      10%        6-21      26%         3

Your spell library contained the following spells:

 Spells                   Type           Power      Damage    Failure   Level
 Blink                    Tloc           N/A        N/A       38%         2
 Call Imp                 Summ           1%         N/A       38%         2
 Slow                     Hex            1%         N/A       38%         2
 Confusing Touch          Hex            1%         N/A       63%         3
 Gell's Gravitas          Tloc           0%         N/A       63%         3
 Petrify                  Tmut/Erth      1%         N/A       95%         4
 Metabolic Englaciation   Hex/Ice        0%         N/A       100%        5
 Yara's Violent Unravell  Hex/Tmut       0%         3d3       100%        5


Dungeon Overview and Level Annotations

Branches:
Dungeon (5/15)
 Temple: D:4-7

Altars:

Shops:
D:2 (   D:3 :

Annotations:
D:1 Terence


Innate Abilities, Weirdness & Mutations

You sometimes gain a little power by taking damage.
You have an unusually large brain. (Int +2)


Message History

The centaur hits you.
The centaur kicks you but does no damage.
You hit the centaur.
The centaur is moderately wounded.
The centaur misses you.
The centaur kicks you but does no damage.
The centaur hits you.
The centaur kicks you but does no damage.
You barely miss the centaur.
The centaur is moderately wounded.
The centaur hits you. The centaur kicks you. The centaur barely misses you.
The centaur kicks you but does no damage.
You hit the centaur.
The centaur is heavily wounded.
The centaur barely misses you.
You riposte.
You hit the centaur.
The centaur is heavily wounded.
The centaur kicks you.
You hit the centaur.
The centaur is severely wounded.
The centaur misses you. x2; The centaur hits you.
The centaur closely misses you.
You barely miss the centaur.
The centaur is severely wounded.
The centaur hits you. The centaur closely misses you.
The centaur hits you but does no damage.
The centaur barely misses you.
You hit the centaur but do no damage.
The centaur is severely wounded.
The centaur hits you.
* * * LOW HITPOINT WARNING * * *
The centaur kicks you.
* * * LOW HITPOINT WARNING * * *
The centaur hits you.
* * * LOW HITPOINT WARNING * * *
The centaur kicks you but does no damage.
Okay, then.
You hit the centaur.
The centaur is almost dead.
The centaur hits you.
You die...

.. .#
#.#.#
#.#.#
#.#.# #...
#..# #
#..#
#.##.<##.#
#.c@.....#
##....####
+....+
#....#
.....#
......#
.......+
........#


You could see a centaur.

Vanquished Creatures
  A necrophage (D:4)
  A howler monkey (D:4)
  A gnoll (D:4)
  5 adders
  2 worms
  2 dart slugs
  2 orcs (D:3)
  10 ball pythons
  5 bats
  4 endoplasms
  2 giant cockroaches (D:2)
  8 goblins
  8 hobgoblins
  3 jackals (D:1)
  7 kobolds
  2 quokkas
  4 frilled lizards
  7 rats
74 creatures vanquished.

Notes
Turn   | Place    | Note
-------+----------+-------------------------------------------
     0 | Abyss:1  | polve the Demonspawn Abyssal Knight began the quest for the
                  | Orb.
     0 | Abyss:1  | Reached XP level 1. HP: 18/18 MP: 2/2
    33 | Abyss:1  | Found a corrupted altar of Lugonu.
    72 | Abyss:1  | Found a corrupted altar of Lugonu.
   109 | Abyss:1  | Found a corrupted altar of Lugonu.
   134 | Abyss:1  | Noticed a blink frog
   143 | Abyss:1  | Noticed a small abomination
   144 | D:1      | Escaped the Abyss
   261 | D:1      | Reached skill level 1 in Spellcasting
   291 | D:1      | Gained mutation: You have an unusually large brain. (Int
                  | +2) [demonic ancestry]
   291 | D:1      | Reached XP level 2. HP: 9/24 MP: 4/4
   498 | D:1      | Learned a level 1 spell: Magic Dart
   666 | D:1      | Reached * piety under Lugonu
   742 | D:1      | Reached skill level 1 in Conjurations
  1034 | D:1      | Reached XP level 3. HP: 29/29 MP: 3/5
  1256 | D:1      | Reached skill level 2 in Conjurations
  1601 | D:2      | Found Neur Ete's Weapon Emporium.
  2245 | D:2      | Noticed Terence
  3027 | D:3      | Found a faded altar of an unknown god.
  3086 | D:3      | Reached skill level 3 in Conjurations
  3092 | D:3      | Reached XP level 4. HP: 35/35 MP: 3/6
  3119 | D:3      | Found Segimit's Book Shoppe.
  3658 | D:3      | Reached ** piety under Lugonu
  4154 | D:4      | Reached skill level 4 in Conjurations
  4304 | D:4      | Noticed a necrophage
  4321 | D:4      | Killed a necrophage
  4322 | D:4      | Reached skill level 5 in Conjurations
  4322 | D:4      | Gained mutation: You sometimes gain a little power by
                  | taking damage. [demonic ancestry]
  4322 | D:4      | Reached XP level 5. HP: 21/41 MP: 1/7
  4533 | D:4      | Learned a level 3 spell: Mephitic Cloud
  4537 | D:4      | Learned a level 3 spell: Conjure Flame
  5195 | D:5      | Entered Level 5 of the Dungeon
  5195 | D:5      | Noticed a centaur
  5209 | D:5      | HP: 2/41 [centaur (6)]
  5210 | D:5      | Slain by a centaur

Illustrated notes

Levels and vault maps discovered:
D:1:      minmay_arrival_three_doors, layout_rooms
D:2:      layout_basic, serial_shops, shop, grunt_decor_one_mirror, uniq_terence
D:3:      layout_loops_ring, ebering_ecumenical_altar_webs, serial_shops,
          shop_statue
D:4:      layout_basic
D:5:      layout_basic, temple_doors_e, uniq_sigmund, uniq_menkaure

Skill      XL: |  1  2  3  4 |
---------------+-------------+-----
Spellcasting   | 1 |  1.6
Conjurations   | 1 3 5 |  5.4
Fighting       | |  3.0
Long Blades    | |  1.7
Armour         | |  1.7
Dodging        | |  0.8
Invocations    | |  2.4

Action                   |  1- 3 |  4- 6 || total
-------------------------+-------+-------++-------
Melee: Falchion          |    86 |    45 ||   131
 Cast: Magic Dart        |    54 |    72 ||   126
Invok: Depart the Abyss  |     1 |       ||     1
Armor: Leather armour    |    37 |    21 ||    58
Dodge: Dodged            |    63 |    32 ||    95
       Rpst.: Falchion   |    16 |     7 ||    23

Table legend: (Time is in decaauts)
 A = Elapsed time spent in this place.
 B = Non-inter-level travel time spent in this place.
 C = Inter-level travel time spent in this place.
 D = Time resting spent in this place.
 E = Time spent auto-exploring this place.
 F = Levels seen in this place.
 G = Mean time per level.
                   A        B        C        D        E       F      G
               +--------+--------+--------+--------+--------+-----+--------+
         Total |   5240 |   5129 |    111 |      0 |   4509 |   6 |  873.3 |
       Dungeon |   5096 |   4985 |    111 |      0 |   4378 |   5 | 1019.2 |
         Abyss |    144 |    144 |      0 |      0 |    131 |   1 |  144.0 |
               +--------+--------+--------+--------+--------+-----+--------+

Top non-repeatable levels by time:
     D:1: 1498 daAuts
     D:2: 1406 daAuts
     D:3: 1133 daAuts
     D:4: 1041 daAuts
 Abyss:1: 144 daAuts
     D:5: 17 daAuts
